AoeStats
← savvas1987

MegaRandom

509759035Analyzed
3v3 RM · 4d ago on Sep 27, 2026· 91m 24s· 6 players
Game mode
Random Map
Map size
Normal (6 player)
Population
200
Speed
Normal
Resources
Standard
Victory
Conquest
Starting age
Dark Age
Ending age
Imperial Age
RankedLock teamsTeams togetherTeam positionsShared explorationLock speedFull tech treeHidden civsTurbo modeCheats
Victory
Defeat
🇮🇳 Britons · India
668
+16
🇬🇷 Bohemians · Greece
648
+17
🇺🇸 Romans · United States
607
+19
🇲🇽 Goths · Mexico
733
-20
🇲🇽 Persians · Mexico
642
-16
🇲🇽 Saracens · Mexico
636
-16
Pugilist7307
4:35 Loom
11:49 Feudal Age
16:44 Double-Bit Axe
17:16 Man-at-Arms
22:09 Castle Age
19:55 Horse Collar
22:34 Long Swordsman
23:54 Scale Mail Armor
25:54 Husbandry
28:49 Bloodlines
32:38 Caravan
34:13 Wheelbarrow
37:40 Imperial Age
35:31 Bow Saw
35:31 Murder Holes
36:28 Fletching
39:32 Conscription
38:37 Legionary
39:51 Chain Mail Armor
40:32 Heavy Scorpion
41:46 Guilds
42:17 Heavy Plow
43:37 Chemistry
42:49 Ballistas
46:46 Cavalier
46:47 Light Cavalry
46:52 Pikeman
47:34 Squires
49:39 Halberdier
50:24 Padded Archer Armor
50:19 Bodkin Arrow
50:31 Scale Barding Armor
50:37 Forging
50:55 Ballistics
50:43 Siege Engineers
56:07 Elite Centurion
56:48 Gold Mining
59:21 Iron Casting
59:09 Chain Barding Armor
68:25 Blast Furnace
73:48 Capped Ram
92:02 Fervor
savvas1987
13:33 Feudal Age
19:12 Castle Age
33:03 Imperial Age
36:04 Chemistry
48:32 Elite Hussite Wagon
85:51 Houfnice
kunj2020
2:35 Loom
15:26 Feudal Age
15:41 Man-at-Arms
16:16 Horse Collar
16:26 Double-Bit Axe
24:37 Scale Mail Armor
25:43 Forging
27:52 Town Watch
27:58 Town Watch
32:04 Castle Age
32:09 Long Swordsman
32:35 Gambesons
33:30 Chain Mail Armor
34:25 Heavy Plow
37:02 Bow Saw
37:34 Iron Casting
36:50 Fletching
39:44 Bodkin Arrow
41:32 Gold Mining
44:00 Town Patrol
44:41 Wheelbarrow
44:56 Yeomen
44:10 Pikeman
44:51 Squires
44:37 Arson
45:56 Padded Archer Armor
46:16 Hand Cart
46:26 Ballistics
47:22 Gold Shaft Mining
47:39 Leather Archer Armor
51:32 Imperial Age
51:25 Elite Skirmisher
51:37 Onager
52:44 Conscription
51:45 Elite Longbowman
52:29 Bracer
53:46 Chemistry
53:53 Two-Handed Swordsman
53:55 Halberdier
55:59 Capped Ram
57:24 Plate Mail Armor
57:55 Blast Furnace
57:26 Ring Archer Armor
56:50 Champion
81:29 Masonry
81:25 Siege Engineers
81:06 Arrowslits
81:18 Murder Holes
tomoe
1:05 Loom
15:04 Feudal Age
18:48 Wheelbarrow
19:07 Horse Collar
19:17 Double-Bit Axe
22:31 Bloodlines
25:52 Castle Age
24:05 Scale Barding Armor
24:13 Forging
24:06 Padded Archer Armor
24:13 Fletching
24:24 Scale Mail Armor
24:50 Arson
27:23 Squires
29:01 Pikeman
29:45 Husbandry
41:01 Chain Barding Armor
42:32 Iron Casting
43:58 Ballistics
43:50 Gold Mining
43:51 Stone Mining
44:23 Hand Cart
44:23 Bow Saw
44:16 Heavy Plow
44:37 Masonry
44:23 Town Watch
47:44 Town Patrol
52:24 Imperial Age
50:27 Chain Mail Armor
50:10 Bodkin Arrow
50:30 Leather Archer Armor
51:52 Guard Tower
52:37 Elite Mameluke
53:46 Conscription
55:10 Chemistry
53:50 Heavy Camel Rider
56:43 Gold Shaft Mining
karzmoy
0:39 Loom
12:49 Feudal Age
13:42 Double-Bit Axe
15:35 Stone Mining
18:25 Wheelbarrow
21:51 Castle Age
19:54 Horse Collar
20:35 Scale Barding Armor
21:07 Forging
21:40 Bloodlines
22:51 Bow Saw
22:30 Light Cavalry
23:27 Husbandry
27:49 Heavy Plow
33:14 Chain Barding Armor
37:10 Imperial Age
34:58 Hand Cart
36:54 Caravan
36:48 Elite War Elephant
37:51 Conscription
37:04 Hussar
40:57 Plate Barding Armor
40:58 Iron Casting
43:10 Town Watch
44:00 Crop Rotation
44:36 Two-Man Saw
50:10 Chemistry
49:31 Ballistics
88:30 Onager
Azteca Beleren
0:34 Loom
14:02 Feudal Age
14:33 Double-Bit Axe
14:32 Horse Collar
16:25 Man-at-Arms
17:11 Gold Mining
21:35 Forging
21:26 Scale Mail Armor
30:11 Castle Age
30:14 Long Swordsman
43:27 Wheelbarrow
52:45 Imperial Age
50:21 Treadmill Crane
51:22 Hand Cart
52:36 Anarchy
53:41 Perfusion
54:03 Conscription
59:02 Caravan
60:14 Squires
63:26 Iron Casting
63:07 Chain Mail Armor
67:35 Iron Casting
67:16 Chain Mail Armor
68:00 Elite Huskarl
69:47 Blast Furnace
Connection lost

Rejoining the realm…

Still unreachable

The connection could not be restored.

Session expired

The server has moved on; the page needs a fresh start.